 Dungeon Crawl Stone Soup version 0.28.0-53-g5a82cb258f (webtiles) character file.

Game seed: 9497994900342667244

8 ChickenMitten the Shield-Bearer (level 2, 24/24 HPs)
             Began as a Formicid Fighter on July 31, 2022.
             Was an Initiate of Ashenzari.
             Got out of the dungeon alive.
             The game lasted 00:01:27 (476 turns).

ChickenMitten the Shield-Bearer (Formicid Fighter)   Turns: 476, Time: 00:01:27

Health: 24/24      AC:  9    Str: 20    XL:     2   Next: 15%
Magic:  2/2        EV:  7    Int:  7    God:    Ashenzari [......]
Gold:   78         SH:  4    Dex: 10    Spells: 1/1 levels left

rFire   . . .      SeeInvis +   a - +0 war axe
rCold   . . .      Faith    .   c - +0 buckler of the Wild Blue Yonder {Bglg, Fort} (curse)
rNeg    . . .      Spirit   .   e - +0 chain mail
rPois   .          Reflect  .   (helmet unavailable)
rElec   .          Harm     .   (no cloak)
rCorr   .          Rampage  .   (no gloves)
Will    .....                   (no boots)
Stlth   ..........              (no amulet)
HPRegen 0.08/turn               (no ring)
MPRegen 0.08/turn               (no ring)

@: no status effects
A: permanent stasis, dig shafts and tunnels, antennae 3, four strong arms
a: Dig, Shaft Self, Renounce Religion, Shatter the Chains


You escaped.
You worshipped Ashenzari.
Ashenzari was noncommittal.
You visited 1 branch of the dungeon, and saw 1 of its levels.

You collected 78 gold pieces.

Inventory:

Hand Weapons
 a - a +0 war axe (weapon)
Armour
 b - a +0 scale mail
 c - the cursed +0 buckler of the Wild Blue Yonder (worn) {Bglg, Fort}

   It has a curse which improves the following skills: Beguiling: Conjurations,
   Hexes and Translocations.
   Fortitude: Armour and Shields.
 e - a +0 chain mail (worn)
Scrolls
 f - a scroll of fog {unknown}
Potions
 d - a potion of might
 g - a potion of lignification {unknown}
 h - a potion of flight {unknown}


   Skills:
 + Level 3.5 Fighting
 + Level 2.1 Axes
 + Level 3.4(3.9) Armour
 + Level 3.8(4.2) Shields


You had one spell level left.
You didn't know any spells.
Your spell library was empty.

Dungeon Overview and Level Annotations

Branches:
Dungeon (1/15)

Altars:
Ashenzari


Innate Abilities, Weirdness & Mutations

You cannot be hasted, slowed, berserked, paralysed or teleported.
You can dig through walls and to a lower floor.
You have a pair of large antennae on your head. (SInv)
Your four strong arms can wield two-handed weapons with a shield.


Message History

You barely miss the kobold. You block the kobold's attack. x2
You barely miss the kobold. The kobold hits you but does no damage.
You barely miss the kobold. The kobold hits you but does no damage.
You block the kobold's attack.
You closely miss the kobold. You block the kobold's attack.
You slash the kobold!
You kill the kobold!
No target in view!
No target in view!
No target in view!
No target in view!
No target in view!
No target in view!
No target in view!
Things that are here:
a +0 short sword; a kobold corpse
f - a scroll labelled UPOUDO SAJUHI
Found a stone staircase leading down.
g - a metallic ruby potion
There is a stone staircase leading down here.
You now have 73 gold pieces (gained 12).
Found a faded altar of an unknown god.
You now have 78 gold pieces (gained 5).
h - a fizzy puce potion
There is a faded altar of an unknown god here.
You extend your mandibles.
You cannot tell which god this altar belongs to.
Convert to them anyway?
Ashenzari accepts your prayer! Ashenzari welcomes you!
Ashenzari warns you of distant threats and treasures.
Ashenzari reveals the structure of the dungeon to you.
Ashenzari shows you where magical portals lie.
You retract your mandibles.
Ashenzari invites you to partake of a vision and a curse of beguiling and fortitude.
Your +0 buckler glows black for a moment.
Things that are here:
a +0 short sword; a kobold corpse You open the door.
There is an open door here.
There is a staircase leading out of the dungeon here.
Are you sure you want to leave the Dungeon?
This will make you lose the game!
You have escaped!

≈≈≈≈.###...........#
≈≈≈................#
≈≈.≈...........[...#
≈≈.≈.8...........###
≈≈≈...8..........#
≈≈..≈...........##
≈≈.≈≈...........#
≈≈≈≈≈...........#
≈≈≈.(≈≈@.....8)##
≈≈≈≈≈≈.........#
≈≈≈≈≈.≈≈≈......#
≈≈≈≈≈≈≈.≈≈≈....8
≈≈≈≈≈≈≈≈.≈≈.≈≈≈
≈≈≈≈≈≈≈≈≈≈≈.≈≈.
≈≈≈≈≈≈≈≈≈≈≈≈≈≈≈
≈≈≈≈≈≈≈≈≈≈≈≈≈≈≈


There were no monsters in sight!

Vanquished Creatures
  2 endoplasms (D:1)
  A giant cockroach (D:1)
  A goblin (D:1)
  A quokka (D:1)
  2 kobolds (D:1)
7 creatures vanquished.

Notes
Turn   | Place    | Note
-------+----------+-------------------------------------------
     0 | D:1      | ChickenMitten the Formicid Fighter began the quest for the
                  | Orb.
     0 | D:1      | Reached XP level 1. HP: 18/18 MP: 1/1
   178 | D:1      | Reached XP level 2. HP: 22/24 MP: 2/2
   339 | D:1      | Found a faded altar of an unknown god.
   366 | D:1      | Prayed at the altar of an unknown god.
   366 | D:1      | Became a worshipper of Ashenzari the Shackled
   476 | D:$      | Got out of the dungeon alive.

Illustrated notes

Levels and vault maps discovered:
D:1:      nicolae_arrival_washed_ashore, layout_basic,
          ebering_ecumenical_altar_petrified, serial_glass, glass_columns_a,
          glass_columns_b

Action                   || total
-------------------------++-------
Melee: War axe           ||    16
Invok: Curse Item        ||     1
 Abil: Dig               ||     1
Armor: Chain mail        ||     6
Dodge: Dodged            ||     2
Block: Buckler           ||     7
